 Dungeon Sprint DCSS version 0.14-a0-519-g334afa2 (webtiles) character file.

1 MDvedh the Chopper (level 1, -1/19 HPs)
             Began as a Minotaur Berserker on Nov 2, 2013.
             Was a Follower of Trog.
             Slain by a green rat (10 damage)
             ... while paralysed by a giant eyeball
             ... in the Dungeon (Sprint VII: "The Pits").
             The game lasted 00:00:45 (86 turns).

MDvedh the Chopper (Minotaur Berserker)               Turns: 86, Time: 00:00:45

HP  -1/19        AC  2     Str 21      XL: 1   Next: 16%
MP   0/0         EV  2     Int  4      God: Trog [*.....]
Gold 0           SH  0     Dex  9      Spells:  0 memorised,  0 levels left

Res.Fire  : . . .   See Invis. : .   p - +2 hand axe
Res.Cold  : . . .   Warding    : .   b - +0 animal skin
Life Prot.: . . .   Conserve   : .   (no shield)
Res.Poison: .       Res.Corr.  : .   (helmet restricted)
Res.Elec. : .       Clarity    : .   (no cloak)
Sust.Abil.: . .     Spirit.Shd : .   (no gloves)
Res.Mut.  : .       Prev.Telep.: +   (no boots)
Res.Rott. : .       Flight     : .   (no amulet)
Saprovore : . . .                    (no ring)
                                     (no ring)

@: paralysed, not resistant to hostile enchantments, very unstealthy
A: retaliatory headbutt, horns 2
a: Burn Spellbooks, Berserk, Renounce Religion


You were in the Dungeon.
You worshipped Trog.
Trog was aware of your devotion.
You were not hungry.

You visited 1 branch

Inventory:

Hand weapons
 p - a +2,+2 hand axe (weapon)
Armour
 b - a +0 animal skin (worn)
Comestibles
 c - 8 bread rations
 j - 40 strawberries
 k - 7 meat rations
Scrolls
 i - a scroll of blinking
 m - 2 scrolls of vulnerability
 n - 3 scrolls of remove curse
 o - a scroll of summoning
Potions
 d - a potion of curing
 e - a potion of heal wounds
 f - a potion of speed
 g - 4 potions of magic
 h - 3 potions of berserk rage
 l - 2 potions of invisibility


   Skills:
 - Level 3.6 Fighting
 + Level 4.4 Axes
 - Level 2.4 Armour
 - Level 2.1 Dodging


You couldn't memorise any spells.
You didn't know any spells.

Dungeon Overview and Level Annotations

Branches:
Dungeon (1/1)

Altars:
Ashenzari
Cheibriados
Elyvilon
Fedhas
Kikubaaqudgha
Makhleb
Nemelex Xobeh
Okawaru
Sif Muna
Trog
Vehumet
Xom
Yredelemnul
Zin
the Shining One
Beogh
Jiyva
Lugonu


Innate Abilities, Weirdness & Mutations

You reflexively headbutt those who attack you in melee.
You have a pair of horns on your head.


Message History

p - a +2,+2 hand axe Wield which item (- for none, * to show all)? (? for menu, Esc to quit)
p - a +2,+2 hand axe (weapon)
Drop what? (_ for help) (? for menu, Esc to quit)
You drop a +0,+0 hand axe.
There is an open door here.
There is an open door here.
As you open the door, it creaks loudly!
A green rat and a giant eyeball come into view.
The giant eyeball turns its gaze towards you.
The green rat barely misses you.
There is an open door here.
You hit the green rat but do no damage. The green rat bites you!
Ouch! That really hurt!
The giant eyeball pulsates ominously.
The giant eyeball stares at you.
You suddenly lose the ability to move!
The green rat barely misses you. The green rat bites you!
Ouch! That really hurt!
You die...

############ ........
#__________# .........
#_____..___# #++
#######'##############++
#.))).'.'..##...........
#.))).#.#?(##......#..#.
#######'#####...........
#..........)'...........
#+#####@#####......#..#.
#Gr# #........... +..#
####'#####++ ####
#.......# #.......#
#.......# #...<...#
#.......# #.......#


You could see a giant eyeball and a green rat.

Vanquished Creatures
  A kobold (D)
1 creature vanquished.

Notes
Turn   | Place    | Note
--------------------------------------------------------------
     0 | D        | MDvedh, the Minotaur Berserker, began the quest for the Orb.
     0 | D        | Reached XP level 1. HP: 19/19 MP: 0/0
    39 | D        | Reached skill level 4 in Axes
    50 | D        | Found a sparkling altar of Nemelex Xobeh.
    50 | D        | Found a shimmering altar of Xom.
    50 | D        | Found a deep blue altar of Sif Muna.
    50 | D        | Found a burning altar of Makhleb.
    50 | D        | Found an ancient bone altar of Kikubaaqudgha.
    50 | D        | Found a basalt altar of Yredelemnul.
    51 | D        | Found an iron altar of Okawaru.
    51 | D        | Found a roughly hewn altar of Beogh.
    51 | D        | Found a viscous altar of Jiyva.
    51 | D        | Found a corrupted altar of Lugonu.
    51 | D        | Found a glowing silver altar of Zin.
    51 | D        | Found a radiant altar of Vehumet.
    51 | D        | Found a blossoming altar of Fedhas.
    51 | D        | Found a snail-covered altar of Cheibriados.
    51 | D        | Found a white marble altar of Elyvilon.
    51 | D        | Found a bloodstained altar of Trog.
    51 | D        | Found a glowing golden altar of the Shining One.
    51 | D        | Found a shattered altar of Ashenzari.
    84 | D        | Paralysed by a giant eyeball for 3 turns
    86 | D        | Slain by a green rat

Action                   || total
-------------------------++-------
Melee: Hand axe          ||     3
